 Dungeon Crawl Stone Soup version 0.19.1 (webtiles) character file.

167615 Ladykiller69 the Severer (level 18, -8/144 HPs)
             Began as a Formicid Fighter on Nov 25, 2016.
             Was the Champion of Cheibriados.
             Killed from afar by a deep elf death mage (46 damage)
             ... with a bolt of negative energy
             ... on level 3 of the Elven Halls.
             The game lasted 01:46:36 (23115 turns).

Ladykiller69 the Severer (Formicid Fighter)        Turns: 23115, Time: 01:46:37

Health: -8/144     AC: 26    Str: 41    XL:     18   Next: 56%
Magic:  16/28      EV: 17    Int: 34    God:    Cheibriados [******]
Gold:   2832       SH: 14    Dex: 23    Spells: 1 memorised, 15 levels left

rFire  + . .     SeeInvis +     y - +1 battleaxe (freeze)
rCold  x . .     Gourm    .     w - +2 plate armour {MR+}
rNeg   . . .     Faith    .     c - +0 shield
rPois  .         Spirit   .     (helmet unavailable)
rElec  +         Reflect  .     q - +1 cloak {+Inv}
rCorr  .         Harm     .     V - +1 pair of gloves
MR     ++++.                    Q - +2 pair of boots of Anogh {MR+}
Stlth  ..........               I - amulet of regeneration
                                a - ring "Kophocseos" {Fire +Fly MR+ Dex-2}
                                F - ring "Dynumul" {rElec Str+3 Int+5}

@: drained, very slow
A: permanent stasis, dig shafts and tunnels, four strong arms, antennae 3
a: Dig, Shaft Self, Bend Time, Temporal Distortion, Slouch, Step From Time,
Renounce Religion, Evoke Invisibility, Evoke Flight


You were on level 3 of the Elven Halls.
You worshipped Cheibriados.
Cheibriados was exalted by your worship.
You were very hungry.

You visited 5 branches of the dungeon, and saw 25 of its levels.
You also visited: Ice Cave and Desolation.

You collected 2832 gold pieces.

Inventory:

Hand Weapons
 y - a +1 battleaxe of freezing (weapon)
 H - a +2 hand axe of flaming
Missiles
 r - 2 throwing nets
 C - 20 tomahawks (quivered)
 M - 4 exploding tomahawks
Armour
 c - a +0 shield (worn)
 q - a +1 cloak of invisibility (worn)
 w - a +2 plate armour of magic resistance (worn)
 Q - the +2 pair of boots of Anogh (worn) {MR+}
   (You found it on level 8 of the Dungeon)

   It affects your resistance to hostile enchantments.
 V - a +1 pair of gloves (worn)
Jewellery
 a - the ring "Kophocseos" (right hand) {Fire +Fly MR+ Dex-2}
   (You found it in the Desolation of Salt)

   [ring of fire]

   It enhances your fire magic.
   It affects your dexterity (-2).
   It protects you from fire.
   It makes you vulnerable to cold.
   It affects your resistance to hostile enchantments.
   It lets you fly.
 l - an uncursed ring of positive energy
 D - the ring of Furic {+Fly Str+3}
   (You took it off an ironbrand convoker in the Desolation of Salt)

   [ring of flight]

   It affects your strength (+3).
   It lets you fly.
 F - the ring "Dynumul" (left hand) {rElec Str+3 Int+5}
   (You found it on level 1 of the Lair of Beasts)

   [ring of strength]

   It affects your strength (+3).
   It affects your intelligence (+5).
   It insulates you from electricity.
 I - an amulet of regeneration (around neck)
 L - an uncursed ring of ice
 W - an uncursed ring of positive energy
Wands
 v - a wand of acid (11/15)
 N - a wand of acid (4/15)
 O - a wand of lightning (4/15)
 T - a wand of disintegration (7/24)
Scrolls
 j - 4 scrolls of fog
 n - 6 scrolls of enchant armour
 o - 5 scrolls of identify
 p - 2 scrolls of magic mapping
 u - 9 scrolls of remove curse
 z - 4 scrolls of amnesia
 A - 2 scrolls of noise
 B - 2 scrolls of fear
 E - 2 scrolls of recharging
 P - a scroll of enchant weapon
 X - a scroll of brand weapon
Potions
 b - a potion of agility
 d - 3 potions of might
 i - 6 potions of magic
 k - 4 potions of brilliance
 m - 11 potions of curing
 s - a potion of invisibility
 G - 3 potions of resistance
 K - 2 potions of lignification
 R - 2 potions of cure mutation
 S - a potion of cancellation
Books
 e - the Compendium of the Dusty Snowflakes
   (You found it in the Desolation of Salt)

   Spells                             Type                      Level
   a - Ozocubu's Armour               Charms/Ice                   3
   b - Ice Form                       Ice/Transmutation            4
   c - Petrify                        Transmutation/Earth          4
   d - Bolt of Magma                  Conjuration/Fire/Earth       5
   e - Simulacrum                     Ice/Necromancy               6
   f - Statue Form                    Transmutation/Earth          6
 g - a book of Spatial Translocations

   Spells                             Type                      Level
   a - Blink                          Translocation                2
   b - Shroud of Golubria             Charms/Translocation         2
   c - Lesser Beckoning               Translocation                3
   d - Portal Projectile              Translocation                3
   e - Teleport Other                 Translocation                3
   f - Passage of Golubria            Translocation                4
 x - Zadiodich's Collected Works on the Toxic Blaze
   (You found it in the Desolation of Salt)

   Spells                             Type                      Level
   a - Sting                          Conjuration/Poison           1
   b - Flame Tongue                   Conjuration/Fire             1
   c - Conjure Flame                  Conjuration/Fire             3
   d - Inner Flame                    Hexes/Fire                   3
   e - Fireball                       Conjuration/Fire             5
   f - Ring of Flames                 Charms/Fire                  7
 U - the Volume of Slavery and the Compass
   (You found it in the Desolation of Salt)

   Spells                             Type                      Level
   a - Summon Butterflies             Summoning                    1
   b - Blink                          Translocation                2
   c - Portal Projectile              Translocation                3
   d - Summon Lightning Spire         Summoning/Air                4
   e - Dispersal                      Translocation                6
 Y - the Papyrus of the Poisonous Glacier
   (You found it on level 1 of the Elven Halls)

   Spells                             Type                      Level
   a - Throw Frost                    Conjuration/Ice              2
   b - Ozocubu's Armour               Charms/Ice                   3
   c - Throw Icicle                   Conjuration/Ice              4
   d - Poisonous Cloud                Conjuration/Poison/Air       6
Comestibles
 f - 11 bread rations
 h - 5 meat rations
 t - 2 chunks of flesh
 J - 34 fruits
 Z - 6 beef jerkies


   Skills:
 + Level 13.6(12.6) Fighting
 * Level 19.1(18.1) Axes
 + Level 13.5(12.6) Armour
 + Level 10.7(9.8) Dodging
 - Level 9.0(8.1) Shields
 + Level 13.9(12.9) Invocations


You had 15 spell levels left.
You knew the following spells:

 Your Spells              Type           Power        Failure   Level  Hunger
a - Repel Missiles        Chrm/Air       #.....       54%         2    ###....


Dungeon Overview and Level Annotations

Branches:
Dungeon (13/15)            Temple (1/1) D:7            Lair (6/6) D:9
 Shoals (0/4) Lair:2        Snake (0/4) Lair:3        Slime (0/5) Lair:6
    Orc (2/2) D:9             Elf (3/3) Orc:2
 Vaults: D:13-14

Altars:
Ashenzari
Cheibriados
Dithmenos
Elyvilon
Fedhas
Gozag
Hepliaklqana
Kikubaaqudgha
Makhleb
Nemelex Xobeh
Okawaru
Qazlal
Ru
Sif Muna
Trog
Uskayaw
Vehumet
Xom
Yredelemnul
Zin
The Shining One
Beogh
Jiyva

Shops:
D:4 (   D:6 }   Orc:1 (   Orc:2 [=!=

Annotations:
D:4 lorenzova's ghost, novice DECj


Innate Abilities, Weirdness & Mutations

You are under a permanent stasis effect.
You can dig through walls and to a lower floor.
Your four strong arms can wield two-handed weapons with a shield.
You have a pair of large antennae on your head. (SInv)


Message History

The deep elf archer wields an uncursed longbow.
The deep elf archer shoots an arrow.
The arrow hits you!
* * * LOW HITPOINT WARNING * * *
The deep elf archer shoots an arrow.
You block the arrow.
The deep elf archer blinks!
The deep elf archer shoots an arrow.
You block the arrow.
You see here 2 arrows.
You step out of the flow of time.
You return to the normal time flow.
You are feeling very hungry.
A deep elf annihilator and a deep elf death mage come into view.
The deep elf annihilator shouts!
The deep elf death mage shouts!
The deep elf archer shouts! x2
The deep elf annihilator casts a spell.
The deep elf annihilator blinks!
You feel better.
The deep elf archer shoots an arrow.
You block the arrow.
You are too injured to fight recklessly!
You feel better.
The deep elf death mage gestures at you while chanting.
The bolt of negative energy hits you!
You feel drained.
You die...

#..............(((...........
#..............).............
#...........)................
#............................
#≈≈≈≈≈≈≈≈≈≈≈≈≈≈≈≈≈≈≈≈≈≈≈{{≈≈≈
#≈≈≈≈≈≈≈≈≈≈≈≈≈≈≈≈≈≈≈≈≈≈≈≈≈≈≈≈
#############################
........((..............
..e..e.@))...........).)
'######e#####'#########+
#........#...........
{#........#...........
+........+...........
######.############## .. e..#
{


eee# { You could see a deep elf death mage and 2 deep elf archers.

Vanquished Creatures
  Gastronok (D:9)
  Kirke (Lair:5)
  A frost giant (IceCv)
  3 deep elf sorcerers (Elf:3)
  An orc warlord (Orc:1)
  A stone giant (Orc:1)
  3 deep elf demonologists
  3 deep elf annihilators (Elf:3)
  3 halazid warlocks (Desolation)
  An ettin (Orc:1)
  2 deep elf death magi
  An ettin (shapeshifter) (Elf:2)
  3 crystal guardians (Desolation)
  Josephine (D:11)
  3 ragged hierophants (Desolation)
  Fannar (D:10)
  Harold (Lair:3)
  5 hydras
  2 deep elf high priests
  8 servants of whispers (Desolation)
  5 peacekeepers
  A catoblepas (Lair:5)
  25 dancing weapons
  A centaur warrior (D:13)
  Erica (D:8)
  6 death yaks
  A small abomination (Elf:3)
  6 orc high priests (Orc:2)
  Nergalle (D:12)
  25 deep elf knights
  A fire crab (Lair:6)
  3 skeletal warriors (D:11)
  An unseen horror (D:10)
  11 deep elf archers
  A hill giant (D:12)
  3 ironbrand convokers (Desolation)
  An orc knight (Elf:1)
  2 cyclopes (D:12)
  3 ugly things
  2 orc sorcerers (Orc:1)
  44 deep elf magi
  A manticore (D:12)
  4 black mambas
  3 torpor snails (Lair:1)
  5 elephants (Lair:3)
  11 spiny frogs
  Psyche (D:10)
  3 molten gargoyles (Desolation)
  2 rime drakes
  A gargoyle (D:10)
  8 komodo dragons
  12 polar bears
  A polar bear (shapeshifter) (Elf:1)
  7 trolls
  3 two-headed ogres
  45 saltlings
  13 blink frogs
  Grinder (D:3)
  9 hippogriffs
  Sigmund (D:3)
  3 air elementals
  6 wraiths
  43 yaks
  A water elemental (Elf:1)
  A hill giant zombie (D:9)
  Eustachio (D:4)
  5 fire elementals
  4 wyverns
  3 hungry ghosts (D:9)
  A golden eye (shapeshifter) (Elf:1)
  A basilisk (Lair:5)
  2 hogs (Lair:5)
  A steam dragon (D:11)
  5 vampire mosquitoes
  Menkaure (D:5)
  A mottled dragon (D:12)
  A warg (shapeshifter) (Elf:3)
  9 wargs
  3 nagas (Lair:3)
  A soldier ant (D:12)
  Duvessa (D:4)
  7 porcupines
  9 water moccasins
  7 ice beasts
  17 orc warriors
  3 black bears
  6 phantoms
  4 sky beasts
  15 wolves
  13 ogres
  5 centaurs
  19 crocodiles
  A big kobold (D:10)
  11 bullfrogs
  A wyvern zombie (D:6)
  Dowan (D:4)
  6 earth elementals
  A scorpion (D:10)
  2 troll zombies
  6 killer bees (D:10)
  2 howler monkeys
  4 crimson imps
  2 bullfrog zombies
  3 jellies
  38 orc priests
  A centaur skeleton (D:6)
  2 hounds
  13 orc wizards
  A bullfrog skeleton (D:11)
  2 iguanas
  7 hell rats (Lair:4)
  8 worker ants
  4 ogre zombies (D:9)
  A hound skeleton (D:4)
  A worker ant zombie (D:8)
  Robin (D:3)
  10 gnolls
  13 adders
  2 shadow imps
  11 white imps (Orc:1)
  2 oozes
  An adder zombie (D:5)
  2 worms
  An adder skeleton (D:9)
  3 dart slugs
  12 leopard geckos
  88 orcs
  14 bats
  3 giant cockroaches
  13 goblins
  11 hobgoblins
  6 jackals
  10 kobolds
  5 quokkas
  3 frilled lizards
  A giant cockroach zombie (D:5)
  2 goblin skeletons (D:9)
  2 goblin zombies (D:9)
  A hobgoblin skeleton (D:9)
  2 hobgoblin zombies (D:9)
  A leopard gecko skeleton (D:4)
  An orc skeleton (D:9)
  16 orc zombies (D:9)
  A quokka skeleton (D:5)
  5 rats
  3 fungi
  3 plants
886 creatures vanquished.

Vanquished Creatures (others)
  A deep elf mage (Elf:2)
  A black mamba (Lair:6)
  2 polar bears (IceCv)
  3 humans (Lair:5)
  3 wolves (IceCv)
  A white imp (Orc:1)
  An orc (D:10)
  2 bushes (Lair:5)
  6 fungi
  10 plants
30 creatures vanquished.

Grand Total: 916 creatures vanquished

Notes
Turn   | Place    | Note
-------+----------+-------------------------------------------
     0 | D:1      | Ladykiller69 the Formicid Fighter began the quest for the Orb.
     0 | D:1      | Reached XP level 1. HP: 18/18 MP: 1/1
   130 | D:1      | Reached XP level 2. HP: 21/24 MP: 2/2
   299 | D:1      | Reached XP level 3. HP: 27/29 MP: 3/3
   937 | D:2      | Reached XP level 4. HP: 31/37 MP: 4/4
  1078 | D:2      | Reached skill level 3 in Axes
  1239 | D:2      | Reached XP level 5. HP: 30/42 MP: 5/5
  1597 | D:3      | Noticed Grinder
  1619 | D:3      | Killed Grinder
  1619 | D:3      | Reached skill level 4 in Axes
  1619 | D:3      | Reached XP level 6. HP: 39/49 MP: 6/6
  1736 | D:2      | Reached skill level 5 in Shields
  1875 | D:3      | Noticed Sigmund
  1892 | D:3      | Killed Sigmund
  1892 | D:3      | Reached XP level 7. HP: 36/55 MP: 7/7
  1980 | D:3      | Reached skill level 5 in Axes
  2058 | D:3      | Noticed Robin
  2090 | D:3      | Killed Robin
  2277 | D:3      | Reached skill level 5 in Armour
  2580 | D:4      | Noticed lorenzova's ghost (novice DECj)
  2592 | D:4      | You fall through a shaft!
  2592 | D:5      | Entered Level 5 of the Dungeon
  2953 | D:5      | Reached skill level 5 in Fighting
  2953 | D:5      | Reached XP level 8. HP: 50/62 MP: 8/8
  2969 | D:5      | Noticed Menkaure
  2977 | D:5      | Killed Menkaure
  2977 | D:5      | Reached skill level 6 in Axes
  3119 | D:4      | Noticed Eustachio
  3166 | D:4      | Killed Eustachio
  3271 | D:4      | Reached skill level 7 in Axes
  3428 | D:4      | Found Koatuich's Antique Weapon Boutique.
  3452 | D:4      | Noticed Duvessa
  3454 | D:4      | Noticed Dowan
  3473 | D:4      | Killed Duvessa
  3510 | D:4      | Killed Dowan
  3510 | D:4      | Reached XP level 9. HP: 19/68 MP: 9/9
  4432 | D:5      | Reached skill level 8 in Axes
  4523 | D:6      | Found Ecry's Gadget Shoppe.
  5226 | D:7      | Reached skill level 9 in Axes
  5389 | D:7      | Found a staircase to the Ecumenical Temple.
  5393 | Temple   | Entered the Ecumenical Temple
  5432 | Temple   | Became a worshipper of Cheibriados the Contemplative
  5780 | D:8      | Noticed a hippogriff
  5792 | D:8      | Killed a hippogriff
  5879 | D:8      | Reached skill level 10 in Axes
  5879 | D:8      | Reached XP level 10. HP: 54/74 MP: 10/10
  5959 | D:8      | Noticed Erica
  5988 | D:8      | Killed Erica
  5988 | D:8      | Reached skill level 11 in Axes
  6163 | D:8      | Reached * piety under Cheibriados
  6193 | D:8      | Got a pair of crude boots
  6204 | D:8      | Identified the +2 pair of boots of Anogh {MR+} (You found it on level 8 of the Dungeon)
  6210 | D:8      | Found a stormy altar of Qazlal.
  6509 | D:9      | Noticed Gastronok
  6554 | D:9      | Found a staircase to the Orcish Mines.
  6781 | D:9      | Noticed a green ugly thing
  6802 | D:9      | Killed a green ugly thing
  6802 | D:9      | Reached skill level 12 in Axes
  6802 | D:9      | Reached skill level 1 in Dodging
  6802 | D:9      | Reached skill level 1 in Invocations
  7299 | D:9      | Reached XP level 11. HP: 76/80 MP: 12/12
  7307 | D:9      | Reached ** piety under Cheibriados
  7523 | D:9      | Found a staircase to the Lair.
  7697 | D:9      | Reached *** piety under Cheibriados
  8256 | D:9      | Killed Gastronok
  8466 | D:10     | Entered Level 10 of the Dungeon
  8783 | D:10     | Noticed an unseen horror
  8806 | D:10     | Killed an unseen horror
  8833 | D:10     | Reached skill level 13 in Axes
  9036 | D:10     | Noticed Fannar
  9066 | D:10     | Reached **** piety under Cheibriados
  9086 | D:10     | Killed Fannar
  9086 | D:10     | Reached XP level 12. HP: 49/91 MP: 15/15
  9140 | D:10     | Reached skill level 5 in Invocations
  9376 | D:10     | Noticed Psyche
  9386 | D:10     | Killed Psyche
  9877 | D:11     | Noticed a skeletal warrior
  9901 | D:11     | Killed a skeletal warrior
  9974 | D:11     | Noticed a skeletal warrior
  9974 | D:11     | Noticed a skeletal warrior
 10001 | D:11     | Killed a skeletal warrior
 10022 | D:11     | Killed a skeletal warrior
 10119 | D:11     | Reached ***** piety under Cheibriados
 10158 | D:11     | Noticed Josephine
 10180 | D:11     | Killed Josephine
 10846 | D:12     | Reached skill level 5 in Dodging
 10953 | D:12     | Reached skill level 14 in Axes
 11138 | D:12     | Reached XP level 13. HP: 87/99 MP: 18/18
 11195 | D:12     | Noticed Nergalle
 11223 | D:12     | Killed Nergalle
 11609 | D:13     | Noticed a centaur warrior
 11627 | D:13     | Killed a centaur warrior
 11759 | Lair:1   | Entered Level 1 of the Lair of Beasts
 11769 | Lair:1   | Got a vibrating bronze ring
 11771 | Lair:1   | Identified the ring "Dynumul" {rElec Str+3 Int+5} (You found it on level 1 of the Lair of Beasts)
 11920 | Lair:1   | Found a snail-covered altar of Cheibriados.
 12150 | Lair:1   | You fall through a shaft!
 12263 | Lair:1   | Noticed a six-headed hydra
 12274 | Lair:1   | Killed a one-headed hydra
 12763 | Lair:2   | Found a staircase to the Shoals.
 12905 | Lair:2   | Noticed a five-headed hydra
 12913 | Lair:2   | Killed a one-headed hydra
 13127 | Lair:2   | Reached skill level 15 in Axes
 13548 | Lair:3   | Noticed Harold
 13693 | Lair:3   | Reached XP level 14. HP: 103/108 MP: 20/20
 13746 | Lair:3   | Found a staircase to the Snake Pit.
 13856 | Lair:3   | Killed Harold
 14400 | Lair:4   | Reached ****** piety under Cheibriados
 14403 | Lair:4   | Reached skill level 10 in Fighting
 14431 | Lair:4   | Reached skill level 10 in Armour
 14906 | Lair:5   | You fall through a shaft!
 14906 | Lair:6   | Entered Level 6 of the Lair of Beasts
 15381 | Lair:5   | Noticed Kirke
 15440 | Lair:5   | Noticed a sphinx
 15599 | Lair:5   | Killed Kirke
 16195 | Lair:6   | Reached skill level 16 in Axes
 16257 | Lair:6   | Reached skill level 10 in Invocations
 16884 | Lair:6   | Reached XP level 15. HP: 83/117 MP: 22/22
 17014 | Lair:6   | Found a viscous altar of Jiyva.
 17015 | Lair:6   | Found a staircase to the Slime Pits.
 17269 | Orc:1    | Entered Level 1 of the Orcish Mines
 17353 | Orc:1    | Found a frozen archway.
 17364 | IceCv    | Entered an ice cave
 18273 | IceCv    | Noticed a frost giant
 18302 | IceCv    | Killed a frost giant
 18436 | IceCv    | Identified Ufihaabu's Tome of Classification
 18527 | Orc:1    | Noticed a stone giant
 18532 | Orc:1    | Killed a stone giant
 18551 | Orc:1    | Noticed an orc warlord
 18561 | Orc:1    | Killed an orc warlord
 18680 | Orc:1    | Found Sexzoa's Weapon Emporium.
 18810 | Orc:2    | Entered Level 2 of the Orcish Mines
 18837 | Orc:2    | Found a staircase to the Elven Halls.
 19113 | Orc:2    | Found Luilar's Antique Armour Boutique.
 19113 | Orc:2    | Found Ositwini's Jewellery Emporium.
 19198 | Orc:2    | Found a roughly hewn altar of Beogh.
 19271 | Orc:2    | Found Qokaru's Jewellery Emporium.
 19271 | Orc:2    | Found Xakeokao's Distillery.
 19515 | Elf:1    | Entered Level 1 of the Elven Halls
 19670 | Elf:1    | Reached skill level 17 in Axes
 19670 | Elf:1    | Reached XP level 16. HP: 123/127 MP: 24/24
 19994 | Elf:1    | Identified the Papyrus of the Poisonous Glacier
 20599 | Elf:2    | Found a ruined gateway.
 20608 | Desolati | Entered the Desolation of Salt
 20832 | Desolati | Reached XP level 17. HP: 123/135 MP: 26/26
 20869 | Desolati | Reached skill level 18 in Axes
 20959 | Desolati | Got a serpentine tin ring
 21014 | Desolati | Identified Zadiodich's Collected Works on the Toxic Blaze
 21016 | Desolati | Identified the ring of Furic {+Fly Str+3} (You took it off an ironbrand convoker in the Desolation of Salt)
 21042 | Desolati | Identified the Compendium of the Dusty Snowflakes
 21140 | Desolati | Identified the Volume of Slavery and the Compass
 21144 | Desolati | Learned a level 2 spell: Repel Missiles
 21153 | Desolati | Got a warped silver ring
 21155 | Desolati | Identified the ring "Kophocseos" {Fire +Fly MR+ Dex-2} (You found it in the Desolation of Salt)
 21696 | Elf:2    | Reached skill level 10 in Dodging
 21703 | Elf:2    | Found a runed gate.
 21703 | Elf:2    | Found a runed gate.
 21704 | Elf:2    | Found a runed gate.
 22107 | Elf:2    | Reached XP level 18. HP: 124/143 MP: 28/28
 22288 | Elf:3    | Entered Level 3 of the Elven Halls
 22859 | Elf:3    | Reached skill level 19 in Axes
 23115 | Elf:3    | Killed from afar by a deep elf death mage

Skill      XL: |  1  2  3  4  5  6  7  8  9 10 11 12 13 14 15 16 17 18 |
---------------+-------------------------------------------------------+-----
Shields        | 4 5 7 9 |  9.0
Axes           | 3 4 5 7 10 12 13 14 15 16 17 18 19 | 19.1
Fighting       | 4 5 7 8 9 10 11 12 13 | 13.6
Armour         | 4 5 7 8 9 10 11 12 13 | 13.5
Dodging        | 1 3 5 6 7 8 9 10 | 10.7
Invocations    | 2 4 6 8 10 11 12 13 | 13.9

Action                   |  1- 3 |  4- 6 |  7- 9 | 10-12 | 13-15 | 16-18 || total
-------------------------+-------+-------+-------+-------+-------+-------++-------
Melee: War axe           |   100 |   145 |   476 |   865 |   969 |       ||  2555
       Hand axe          |       |       |       |       |    42 |       ||    42
       Unarmed           |       |       |       |       |    10 |       ||    10
       Battleaxe         |       |       |       |       |   211 |   843 ||  1054
       Broad axe         |       |       |       |       |   157 |       ||   157
Throw: Stone             |       |       |     3 |       |       |       ||     3
       Tomahawk          |       |       |       |     7 |     2 |       ||     9
 Cast: Repel Missiles    |       |       |       |       |       |     1 ||     1
Invok: Step From Time    |       |       |       |       |     5 |     2 ||     7
       Temporal Distorti |       |       |       |       |     2 |     6 ||     8
       Bend Time         |       |       |       |       |     1 |       ||     1
       Slouch            |       |       |       |       |     1 |       ||     1
 Abil: Dig               |     1 |     2 |    10 |    13 |    31 |    14 ||    71
       Shaft Self        |       |       |     1 |       |     1 |       ||     2
  Use: Scroll            |       |       |       |       |    28 |     4 ||    32
       Potion            |       |       |       |       |     5 |     2 ||     7
 Stab: Distracted        |       |       |       |       |       |     1 ||     1
  Eat: Chunk             |       |     4 |    15 |    14 |    14 |     9 ||    56
       Meat ration       |       |       |       |     1 |     2 |       ||     3
Armor: Scale mail        |    47 |    60 |       |       |       |       ||   107
       Plate armour      |       |     6 |   192 |   223 |   324 |   169 ||   914
Dodge: Dodged            |    49 |    43 |    84 |   175 |   467 |   282 ||  1100
       Deflected         |       |       |       |       |       |     2 ||     2
Block: Shield            |    66 |    60 |   246 |   373 |   784 |   410 ||  1939
